 Dungeon Crawl Stone Soup version 0.29-a0-40-g8eb35efe60 (webtiles) character file.

Game seed: 13699858958057730364

1806 shoop the Spear-Bearer (level 9, -3/66 HPs)
             Began as a Merfolk Artificer on Feb 1, 2022.
             Slain by a steam dragon (4 damage)
             ... on level 7 of the Dungeon.
             The game lasted 00:22:33 (10095 turns).

shoop the Spear-Bearer (Merfolk Artificer)         Turns: 10095, Time: 00:22:34

Health: -3/66      AC: 10    Str: 18 (20) XL:     9   Next: 9%
Magic:  12/12      EV: 12    Int: 10 (13) God:
Gold:   342        SH:  0    Dex: 12 (14) Spells: 8/12 levels left

rFire   . . .      SeeInvis .   w - +0 halberd
rCold   . . .      Faith    .   (shield currently unavailable)
rNeg    . . .      Spirit   .   b - +0 leather armour
rPois   .          Reflect  .   (no helmet)
rElec   .          Harm     .   I - +1 cloak
rCorr   .          Rampage  .   (no gloves)
Will    .....                   u - +0 pair of boots
Stlth   ++........              (no amulet)
HPRegen 0.21/turn               j - +6 ring of strength
MPRegen 0.13/turn               E - +4 ring of protection

@: brilliant, on berserk cooldown, slowed, very slow
A: (nimble swimmer 2), mertail
a: no special abilities


You were on level 7 of the Dungeon.
You visited 1 branch of the dungeon, and saw 7 of its levels.

You collected 342 gold pieces.

Inventory:

Hand Weapons
 a - a +0 club
 g - a +0 short sword
 r - a +1 antimagic scythe
 t - a +0 lajatang
 w - a +0 halberd (weapon)
 G - a +2 antimagic war axe
Armour
 b - a +0 leather armour (worn)
 p - a +0 kite shield
 u - a +0 pair of boots (worn)
 I - a +1 cloak (worn)
Jewellery
 c - a ring of willpower
 j - a +6 ring of strength (left hand)
 C - a +6 ring of strength
 E - a +4 ring of protection (right hand)
 F - the ring of Jealousy {rN+ EV+4 Str+5 Slay-3 Stlth+}
   (You found it on level 5 of the Dungeon)

   [ring of evasion]

   EV:        It affects your evasion (+4).
   Str:       It affects your strength (+5).
   Slay:      It affects your accuracy & damage with ranged weapons and melee
   (-3).
   rN:        It protects you from negative energy.
   Stlth:     It makes you more stealthy.
Wands
 d - a wand of charming (12)
 x - a wand of iceblast (11)
Scrolls
 h - 5 scrolls of identify {unknown}
 i - 2 scrolls of vulnerability {unknown}
 l - 4 scrolls of holy word {unknown}
 m - 2 scrolls of teleportation {unknown}
 n - a scroll of blinking {unknown}
 o - a scroll of fear {unknown}
 v - 2 scrolls of noise {unknown}
 y - 2 scrolls of enchant weapon {unknown}
 z - 2 scrolls of fog {unknown}
 D - a scroll of brand weapon {unknown}
 H - a scroll of immolation {unknown}
Potions
 s - a potion of attraction
 A - a potion of curing
Miscellaneous
 e - a piece from Xom's chessboard (15/15)


   Skills:
 - Level 4.4 Fighting
 + Level 11.7 Polearms
 - Level 2.0 Armour
 - Level 3.0 Dodging
 - Level 3.0 Stealth
 - Level 2.0 Spellcasting
 - Level 2.0 Translocations
 - Level 2.0 Air Magic
 - Level 3.0 Poison Magic
 - Level 3.0 Evocations


You had 8 spell levels left.
You knew the following spells:

 Your Spells              Type           Power      Damage    Failure   Level
a - Poisonous Vapours     Pois/Air       18%        N/A       21%         2
b - Blink                 Tloc           14%        N/A       24%         2

Your spell library contained the following spells:

 Spells                   Type           Power      Damage    Failure   Level
 Corpse Rot               Necr/Air       8%         N/A       36%         2
 Lesser Beckoning         Tloc           7%         N/A       43%         3
 Manifold Assault         Tloc           7%         N/A       99%         5
 Storm Form               Tmut/Air       2%         N/A       100%        7


Dungeon Overview and Level Annotations

Branches:
Dungeon (7/15)
 Temple: D:4-7

Altars:
Cheibriados
Vehumet
Xom

Shops:
D:4 *

Annotations:
D:4 exclusion: ice beast, Edmund
D:6 exclusion: wight


Innate Abilities, Weirdness & Mutations

((You are very nimble when in or above water. (Stealth+, EV+, Speed+++)))
Your lower body shifts to a powerful aquatic tail in water.


Message History

You puncture the howler monkey!
You kill the howler monkey!
You are no longer berserk.
You are exhausted.
You feel yourself slow down.
You feel sick.
Things that are here:
a howler monkey corpse; a killer bee corpse A howler monkey comes into view.
You feel sick.
You are no longer poisoned.
A bullfrog skeleton comes into view.
The howler monkey is attracted toward you.
The bullfrog skeleton is attracted toward you.
A steam dragon comes into view.
The howler monkey howls!
You hear a howl!
A howler monkey comes into view.
The steam dragon is attracted toward you.
The bullfrog skeleton is attracted toward you.
The howler monkey is attracted toward you.
The steam dragon hisses angrily.
The howler monkey howls!
The howler monkey hoots and howls with incredible vigour!
You hear a bark!
You hear an angry buzzing noise.
The howler monkey is attracted toward you.
The bullfrog skeleton is attracted toward you.
The howler monkey hits you but does no damage.
The bullfrog skeleton is attracted toward you.
The howler monkey hoots and howls with incredible vigour!
You hear an angry hiss.
You hear a croak.
The howler monkey hoots and howls with incredible vigour!
You see here 25 stones.
The howler monkey hits you.
* * * LOW HITPOINT WARNING * * *
The howler monkey hoots and howls with incredible vigour! x2
The steam dragon is attracted toward you.
You feel less attractive to monsters.
There is a stone staircase leading up here.
The howler monkey closely misses you. The howler monkey hits you.
* * * LOW HITPOINT WARNING * * *
The steam dragon bites you.
You die...

### ..# ####### #.#
#.....# #.# #.....#
#.####.....#
#....@.....#
#...hhD....###########
#..........##..).<#...
#....(.....#..........
#.###.#####...........
#...§.# ######......
.#########.D####
#...... ....$...##§Z#
#...... ##...##.††..#
#......


You could see a steam dragon and 2 howler monkeys.

Vanquished Creatures
  Sigmund (D:4)
  A water moccasin (D:6)
  A black bear (D:6)
  3 ice beasts
  2 ogres
  5 killer bees (D:7)
  4 howler monkeys
  2 bullfrog zombies (D:6)
  3 hounds
  An orc priest (D:6)
  A jelly (D:5)
  A gnoll shaman (D:5)
  3 orc wizards (D:4)
  2 iguanas
  A scorpion zombie (D:5)
  6 adders
  11 gnolls
  A white imp (D:6)
  An ufetubus (D:4)
  A worm (D:3)
  6 dart slugs
  9 orcs
  4 bats
  7 endoplasms
  2 giant cockroaches (D:3)
  6 goblins
  6 hobgoblins
  7 jackals
  2 quokkas
  6 ball pythons
  A frilled lizard (D:1)
  4 kobolds
  4 rats
115 creatures vanquished.

Vanquished Creatures (others)
  A hound (D:4)
  A gnoll (D:5)
2 creatures vanquished.

Grand Total: 117 creatures vanquished

Notes
Turn   | Place    | Note
-------+----------+-------------------------------------------
     0 | D:1      | shoop the Merfolk Artificer began the quest for the Orb.
     0 | D:1      | Reached XP level 1. HP: 15/15 MP: 1/1
   198 | D:1      | Reached XP level 2. HP: 18/21 MP: 2/2
   295 | D:1      | Reached skill level 1 in Armour
  1398 | D:1      | Reached XP level 3. HP: 25/27 MP: 3/3
  1576 | D:2      | Noticed a necrophage
  2868 | D:2      | Reached XP level 4. HP: 21/34 MP: 4/4
  3788 | D:3      | Found a radiant altar of Vehumet.
  4246 | D:4      | Noticed an ice beast
  4251 | D:4      | Killed an ice beast
  4252 | D:4      | Reached XP level 5. HP: 43/43 MP: 5/5
  4253 | D:4      | Noticed Sigmund
  4293 | D:4      | Killed Sigmund
  4294 | D:4      | Reached skill level 4 in Polearms
  4294 | D:4      | Reached XP level 6. HP: 4/49 MP: 0/6
  4616 | D:4      | Reached skill level 5 in Polearms
  5004 | D:4      | Found Yblef's Assorted Antiques.
  5017 | D:4      | Reached skill level 6 in Polearms
  5017 | D:4      | Reached XP level 7. HP: 55/55 MP: 7/7
  5361 | D:4      | Got Teocluyl's Catalogue of Weightlessness
  5772 | D:3      | Learned a level 2 spell: Poisonous Vapours
  6368 | D:4      | Noticed Edmund
  6692 | D:4      | Reached skill level 7 in Polearms
  6974 | D:5      | Entered Level 5 of the Dungeon
  7095 | D:5      | Found a snail-covered altar of Cheibriados.
  7116 | D:5      | Reached skill level 1 in Spellcasting
  7116 | D:5      | Reached skill level 1 in Air Magic
  7116 | D:5      | Reached skill level 1 in Poison Magic
  7716 | D:6      | Reached XP level 8. HP: 54/61 MP: 10/10
  7894 | D:6      | Learned a level 2 spell: Blink
  8618 | D:6      | Reached skill level 8 in Polearms
  8618 | D:6      | Reached skill level 1 in Translocations
  8963 | D:5      | Reached skill level 9 in Polearms
  9289 | D:5      | Identified the ring of Jealousy {rN+ EV+4 Str+5 Slay-3
                  | Stlth+}
  9547 | D:6      | Found a shimmering altar of Xom.
  9933 | D:7      | Reached skill level 10 in Polearms
 10052 | D:7      | Reached skill level 11 in Polearms
 10052 | D:7      | Reached XP level 9. HP: 44/66 MP: 0/12
 10095 | D:7      | HP: 1/66 [howler monkey (5)]
 10095 | D:7      | Slain by a steam dragon

Illustrated notes

Levels and vault maps discovered:
D:1:      dpeg_arrival_rhombus, layout_loops_ring, serial_forest,
          infiniplex_forest_clump_cross, infiniplex_forest_end_2,
          infiniplex_forest_straight_2, infiniplex_forest_straight_4,
          infiniplex_forest_straight_4, infiniplex_forest_lined_corner,
          infiniplex_forest_end_double, minmay_misc_feat_cross,
          corexii_corridor_pit
D:2:      layout_loops_ring
D:3:      layout_basic, mainiacjoe_overflow_tiny_flanked
D:4:      layout_basic, minmay_shop_grid_forest,
          minmay_a_box_with_orc_wizards_in_it, uniq_edmund, uniq_sigmund
D:5:      layout_basic, kennysheep_slug_shrine, hangedman_decor_points,
          minmay_misc_feat_chi, nrook_campfire, minmay_misc_feat_iff
D:6:      layout_rooms, nicolae_overflow_hidden_temple
D:7:      layout_rooms, trog_wizard, temple_pool_b, uniq_crazy_yiuf_cottage

Skill      XL: |  1  2  3  4  5  6  7  8 |
---------------+-------------------------+-----
Dodging        | 3 |  3.0
Armour         | 1 2 |  2.0
Fighting       | 2 4 |  4.4
Stealth        | 2 3 |  3.0
Polearms       | 4 6 7 11 | 11.7
Spellcasting   | 1 2 |  2.0
Air Magic      | 1 2 |  2.0
Poison Magic   | 2 3 |  3.0
Translocations | 2 |  2.0
Evocations     | |  3.0

Action                   |  1- 3 |  4- 6 |  7- 9 || total
-------------------------+-------+-------+-------++-------
Melee: Club              |    90 |       |       ||    90
       Punch             |     4 |       |       ||     4
       Short sword       |    77 |    65 |       ||   142
       Scythe            |       |    20 |    19 ||    39
       Lajatang          |       |     2 |    34 ||    36
       Halberd           |       |       |   149 ||   149
 Cast: Poisonous Vapours |       |       |    59 ||    59
       Blink             |       |       |     1 ||     1
Evoke: Wand              |     2 |    15 |     1 ||    18
       Piece from Xom's  |       |     1 |     4 ||     5
  Use: Potion            |       |       |     7 ||     7
 Stab: Sleeping          |     4 |     1 |       ||     5
       Distracted        |       |       |     1 ||     1
Armor: Leather armour    |    49 |    18 |    65 ||   132
Dodge: Dodged            |   109 |    62 |   118 ||   289

Table legend: (Time is in decaauts)
 A = Elapsed time spent in this place.
 B = Non-inter-level travel time spent in this place.
 C = Inter-level travel time spent in this place.
 D = Time resting spent in this place.
 E = Time spent auto-exploring this place.
 F = Levels seen in this place.
 G = Mean time per level.
                   A        B        C        D        E       F      G
               +--------+--------+--------+--------+--------+-----+--------+
         Total |  10195 |   9551 |    644 |   1657 |   6073 |   7 | 1456.4 |
       Dungeon |  10195 |   9551 |    644 |   1657 |   6073 |   7 | 1456.4 |
               +--------+--------+--------+--------+--------+-----+--------+

Top non-repeatable levels by time:
     D:4: 2644 daAuts
     D:1: 1725 daAuts
     D:2: 1526 daAuts
     D:6: 1421 daAuts
     D:3: 1389 daAuts
     D:5: 1248 daAuts
     D:7: 240 daAuts
